 Dungeon Crawl Stone Soup version 0.29-a0-43-g62a80824bf (webtiles) character file.

Game seed: 7076535394213195357

119808 Anon1729 the Fighter (level 16, -16/119 HPs)
             Began as a Mummy Monk on Feb 2, 2022.
             Was the Champion of Hepliaklqana.
             Killed from afar by Roxanne (40 damage)
             ... with a bolt of magma
             ... on level 2 of the Shoals.
             The game lasted 01:10:18 (49065 turns).

Anon1729 the Fighter (Mummy Monk)                  Turns: 49065, Time: 01:10:18

Health: -16/119    AC: 26    Str: 19    XL:     16   Next: 28%
Magic:  24/24      EV: 17    Int: 12    God:    Hepliaklqana [******]
Gold:   95         SH:  0    Dex: 20    Spells: 15/15 levels left

rFire   x . .      SeeInvis .   m - +9 quick blade (vorpal)
rCold   + + .      Faith    +   (no shield)
rNeg    + + +      Spirit   .   S - +5 scale mail of Ryteumn {rCorr Str+3}
rPois   ∞          Reflect  .   W - +4 helmet of the Pure Mice {Str+2}
rElec   .          Harm     .   j - +1 cloak {rC+}
rCorr   +          Rampage  .   g - +0 pair of gloves
Will    ++...                   h - +2 pair of boots
Stlth   ++++......              A - amulet of faith
HPRegen 0.29/turn               r - +4 ring of protection
MPRegen 0.19/turn               a - ring of flight

@: about to teleport, flying, studying 2 skills
A: reduced essence, cold resistance 1, negative energy resistance 3, torment
resistance 2, heat vulnerability 1, in touch with death 1, no potions
a: Renounce Religion, Recall Ancestor, Ancestor Identity, Transference, Idealise


You were on level 2 of the Shoals.
You worshipped Hepliaklqana.
Hepliaklqana was exalted by your worship.
You visited 5 branches of the dungeon, and saw 26 of its levels.
You also visited: Ossuary, Bailey and Ice Cave.

You collected 2421 gold pieces.
You spent 2326 gold pieces at shops.

Inventory:

Hand Weapons
 m - a +9 vorpal quick blade (weapon)
 n - a +2 dagger of venom
Missiles
 i - 7 throwing nets (quivered)
 k - 4 atropa-tipped darts
 o - 35 poisoned darts
Armour
 g - a +0 pair of gloves (worn)
 h - a +2 pair of boots (worn)
 j - a +1 cloak of cold resistance (worn)
 S - the +5 scale mail of Ryteumn (worn) {rCorr Str+3}
   (You found it on level 13 of the Dungeon)

   Str:       It affects your strength (+3).
   rCorr:     It protects you from acid and corrosion.
 W - the +4 helmet of the Pure Mice (worn) {Str+2}
   (You bought it in a shop on level 2 of the Orcish Mines)

   Str:       It affects your strength (+2).
Jewellery
 a - a ring of flight (right hand)
 l - a ring of wizardry
 r - a +4 ring of protection (left hand)
 A - an amulet of faith (around neck)
 F - a ring of resist corrosion
 G - a ring of wizardry
 J - a ring of magical power
 N - an amulet of regeneration
 P - a +6 ring of intelligence
 U - the amulet of Xom's Flight of Fancy {Spirit rC+ Int+9}
   (You found it on level 1 of the Orcish Mines)

   [amulet of guardian spirit]

   It causes incoming damage to be divided between your reserves of health and
   magic.
   Int:       It affects your intelligence (+9).
   rC:        It protects you from cold.
 V - the ring of Mic Ifre {rF++ Int+6}
   (You found it on level 1 of the Orcish Mines)

   [ring of intelligence]

   Int:       It affects your intelligence (+6).
   rF:        It greatly protects you from fire.
Wands
 p - a wand of polymorph (19)
 s - a wand of iceblast (8)
 u - a wand of paralysis (11)
 C - a wand of acid (3)
 D - a wand of mindburst (2)
 T - a wand of digging (3)
Scrolls
 b - a scroll of silence
 c - a scroll of enchant weapon
 d - 16 scrolls of teleportation
 e - 8 scrolls of blinking
 f - a scroll of fog
 q - 3 scrolls of immolation
 t - 4 scrolls of enchant armour
 v - 5 scrolls of amnesia
 w - 8 scrolls of vulnerability
 x - 2 scrolls of torment
 E - a scroll of summoning
 I - 3 scrolls of holy word
 O - 3 scrolls of fear
Miscellaneous
 H - a lightning rod (4/4)
 Q - a condenser vane


   Skills:
 + Level 14.0 Fighting
 + Level 11.9 Short Blades
 + Level 12.3 Dodging
 + Level 12.7 Stealth
 + Level 11.6 Invocations
 + Level 4.8 Evocations


You had 15 spell levels left.
You didn't know any spells.
Your spell library contained the following spells:

 Spells                   Type           Power      Damage    Failure   Level
 Freeze                   Ice            0%         1d3       71%         1
 Pain                     Necr           0%         1d4       71%         1
 Slow                     Hex            0%         N/A       71%         1
 Sting                    Tmut/Pois      0%         1d3       71%         1
 Corpse Rot               Necr/Air       0%         N/A       85%         2
 Poisonous Vapours        Pois/Air       0%         N/A       85%         2
 Confusing Touch          Hex            0%         N/A       97%         3
 Gell's Gravitas          Tloc           0%         N/A       97%         3
 Lesser Beckoning         Tloc           0%         N/A       97%         3
 Ozocubu's Armour         Ice            0%         N/A       97%         3
 Teleport Other           Tloc           0%         N/A       97%         3
 Tukima's Dance           Hex            0%         N/A       97%         3
 Vampiric Draining        Necr           0%         2d6       97%         3
 Anguish                  Hex/Necr       0%         N/A       100%        4
 Dispel Undead            Necr           0%         3d6       100%        4
 Hailstorm                Conj/Ice       0%         3d3       100%        4
 Leda's Liquefaction      Hex/Erth       0%         N/A       100%        4
 Olgreb's Toxic Radiance  Pois           0%         N/A       100%        4
 Fireball                 Conj/Fire      0%         3d3       100%        5
 Freezing Cloud           Conj/Ice/Air   0%         6-21      100%        5
 Irradiate                Conj/Tmut      0%         3d13      100%        5
 Lee's Rapid Deconstruct  Erth           0%         3d5*      100%        5
 Metabolic Englaciation   Hex/Ice        0%         N/A       100%        5
 Death Channel            Necr           0%         N/A       100%        6
 Dispersal                Tloc           0%         N/A       100%        6
 Simulacrum               Ice/Necr       0%         N/A       100%        6
 Starburst                Conj/Fire      0%         6d3       100%        6
 Enfeeble                 Hex            0%         N/A       100%        7
 Haunt                    Necr/Summ      0%         N/A       100%        7
 Ignition                 Fire           0%         3d3       100%        8
 Infestation              Necr           0%         N/A       100%        8
 Polar Vortex             Ice            0%         N/A       100%        9
 Ice Form                 Ice/Tmut       Unusable   N/A       N/A         4
 Blade Hands              Tmut           Unusable   N/A       N/A         5
 Statue Form              Tmut/Erth      Unusable   N/A       N/A         6
 Dragon Form              Tmut           Unusable   N/A       N/A         7

Dungeon Overview and Level Annotations

Branches:
Dungeon (15/15)            Temple (1/1) D:5            Lair (6/6) D:8
 Shoals (2/4) Lair:2       Spider (0/4) Lair:2        Slime (0/5) Lair:6
    Orc (2/2) D:12            Elf (0/3) Orc:2        Vaults (0/5) D:14
 Depths (0/4) D:15        Ossuary (visited)          Bailey (visited)
  IceCv (visited)

Altars:
Ashenzari
Cheibriados
Dithmenos
Elyvilon
Fedhas
Gozag
Hepliaklqana
Kikubaaqudgha
Makhleb
Nemelex Xobeh
Okawaru
Qazlal
Ru
Sif Muna
Trog
Uskayaw
Vehumet
Wu Jian
Xom
Yredelemnul
Zin
The Shining One
Jiyva

Shops:
D:2 *   D:6 !   D:9 *   Orc:1 *   Orc:2 [=*(   Shoals:1 *:[[

Annotations:
D:4 3 runed translucent doors, Tenar's ghost, amateur GrEE
D:10 1 runed translucent door, bmj180's ghost, journeyman MfIE
Lair:6 2 runed translucent doors, anonymous's ghost, journeyman DEEE
Shoals:2 Roxanne


Innate Abilities, Weirdness & Mutations

Your life essence is reduced to manifest your ancestor. (-10% HP)
You are immune to poison.
Your flesh is cold resistant. (rC+)
You are immune to negative energy. (rN+++)
You are immune to unholy pain and torment.
You are vulnerable to heat. (rF-)
You are in touch with the powers of death.
You do not drink.


Message History

You skewer Roxanne like a kebab!!!
Roxanne is severely damaged.
Roxanne casts a spell.
The crystal spear hits you!!!
You hit Roxanne.
Roxanne is severely damaged.
You hit Roxanne but do no damage.
Roxanne is severely damaged.
Octavius hits Roxanne but does no damage.
You hit Roxanne but do no damage. You punch Roxanne, but do no damage.
Roxanne is severely damaged.
You hit Roxanne but do no damage.
Roxanne is severely damaged.
You hit Roxanne but do no damage.
Roxanne is severely damaged.
Octavius hits Roxanne but does no damage.
You hit Roxanne but do no damage.
Roxanne is severely damaged.
You hit Roxanne but do no damage.
Roxanne is severely damaged.
You hit Roxanne but do no damage.
Roxanne is severely damaged.
You hit Roxanne but do no damage.
Roxanne is severely damaged.
Octavius hits Roxanne but does no damage.
You hit Roxanne but do no damage.
Roxanne is severely damaged.
Roxanne mumbles some strange words.
The crystal spear hits you!!!
* * * LOW HITPOINT WARNING * * *
You hit Roxanne but do no damage.
Roxanne is severely damaged.
You puncture Roxanne!
Roxanne is severely damaged.
Octavius hits Roxanne but does no damage.
As you read the scroll of teleportation, it crumbles to dust.
You feel strangely unstable.
Roxanne casts a spell.
The bolt of magma hits you!!! The lava burns you terribly!
You die...

≈≈≈≈≈≈≈≈≈≈≈...≈≈≈.≈≈≈≈..
#≈≈≈≈≈≈≈≈.....≈≈...≈≈...
≈≈≈≈≈≈≈≈...............#
≈≈≈≈≈≈≈≈........$......#
≈≈≈≈≈≈≈≈......... #...##
≈≈≈≈≈≈≈.........# #.≈...
..≈≈≈≈≈8........###..≈≈.
...≈≈≈.@R......≈.......≈
..............≈≈≈≈......
..............≈≈≈≈≈..##†
)...........?≈≈≈≈≈...#.≈
.............≈≈≈≈≈≈....≈
≈...........≈≈≈≈≈≈≈≈≈...
≈≈..........≈≈≈≈≈≈≈≈≈≈..
≈≈≈........≈≈≈≈)≈≈≈≈≈≈≈.
≈≈.........≈≈≈≈≈≈≈≈≈≈..


You could see the friendly Octavius the hexer and Roxanne (ally target).

Vanquished Creatures
  A lich (IceCv)
  Kirke (Lair:6)
  An orc warlord (Orc:2)
  An ettin (D:15)
  A merfolk impaler (Shoals:1)
  A fire dragon (Lair:6)
  4 vault guards
  The ghost of Xoova the Fighter, a journeyman DsFi of Gozag (Orc:1)
  The ghost of gruber the Blocker, a journeyman GnFi of Vehumet (D:9)
  9 hydras
  3 centaur warriors
  A merfolk avatar (Shoals:2)
  2 merfolk aquamancers (Shoals:1)
  3 caustic shrike simulacra (IceCv)
  2 two-headed ogres
  3 tengu warriors
  A death knight (D:15)
  An orc high priest (Orc:2)
  Urug (D:10)
  A hell knight (D:15)
  A fire crab (Lair:4)
  A sea snake (Shoals:1)
  An obsidian statue (IceCv)
  2 deep trolls (D:15)
  A spriggan simulacrum (IceCv)
  3 bog bodies (IceCv)
  2 necromancers
  2 lindwurms
  3 orc knights
  A deep elf pyromancer (D:13)
  A wizard (D:15)
  5 ugly things
  4 orc sorcerers (Orc:2)
  A wolf spider (D:15)
  7 cyclopes
  10 manticores
  8 fauns
  3 elephants (Lair:4)
  5 merfolk sirens
  2 moths of wrath (Orc:1)
  Joseph (D:8)
  7 black mambas
  4 water nymphs
  A torpor snail (Lair:5)
  A molten gargoyle (Lair:6)
  12 cane toads
  2 gargoyles (D:10)
  An unseen horror (D:10)
  A rime drake (Lair:6)
  A kobold demonologist (D:11)
  An efreet (D:15)
  10 komodo dragons
  A tengu conjurer (D:14)
  2 anaconda simulacra (IceCv)
  An entropy weaver simulacrum (IceCv)
  5 trolls
  17 freezing wraiths
  A golden dragon simulacrum (IceCv)
  A polar bear (Lair:5)
  11 merfolk
  A burning bush (Lair:3)
  3 meliai
  3 wind drakes
  A queen bee (Lair:1)
  3 hornets (Lair:3)
  4 slime creatures (D:12)
  2 dream sheep (Lair:5)
  16 blink frogs
  5 spriggans (Bailey)
  2 shadows (D:9)
  A snapping turtle (Shoals:1)
  A vampire (D:12)
  4 dire elephant simulacra (IceCv)
  6 water elementals
  4 hogs (Lair:6)
  3 wyverns
  4 culicivoras (Lair:2)
  20 yaks
  6 basilisks
  4 steam dragons
  14 vampire mosquitoes
  3 minotaur simulacra (IceCv)
  5 wargs
  4 hell hounds (Lair:6)
  3 hydra simulacra (IceCv)
  8 water moccasins
  27 orc warriors
  A swamp drake (Lair:1)
  4 black bears
  A necrophage (D:8)
  9 ogres
  2 sky beasts
  5 alligator simulacra (IceCv)
  An ice beast (D:7)
  9 centaurs
  A phantom (D:8)
  22 wolves
  A hexer (IceCv)
  A kobold brigand (D:8)
  12 bullfrogs
  2 gnoll sergeants
  A deep troll simulacrum (IceCv)
  11 scorpions
  25 killer bees
  2 lindwurm simulacra (IceCv)
  4 wights (D:7)
  4 howler monkeys
  4 electric eels
  5 lava snakes (Lair:6)
  4 centaur zombies
  A human zombie (Ossuary)
  7 crimson imps (D:8)
  A hound (D:6)
  11 orc priests
  Crazy Yiuf (D:2)
  3 gnoll shamans
  A bullfrog skeleton (D:6)
  Terence (D:2)
  3 iguanas
  17 orc wizards
  6 scorpion zombies (Ossuary)
  A hound zombie (D:5)
  3 mummies (Ossuary)
  A howler monkey skeleton (D:5)
  19 gnolls
  A river rat (D:4)
  2 adders
  3 white imps
  2 worms (D:2)
  14 dart slugs
  40 orcs
  2 bats (D:1)
  9 endoplasms
  6 giant cockroaches
  7 goblins
  6 hobgoblins
  3 jackals (D:2)
  12 kobolds
  A quokka (D:4)
  5 ball pythons
  4 frilled lizards
  2 gnoll zombies (Ossuary)
  2 goblin zombies (Ossuary)
  2 hobgoblin zombies (Ossuary)
  A kobold zombie (Ossuary)
  An orc zombie (Ossuary)
  A quokka skeleton (D:4)
  7 rats
  A bush (Lair:3)
  A butterfly (D:5)
682 creatures vanquished.

Vanquished Creatures (collateral kills)
  The ghost of Fulomu the Protected, a journeyman MiEn of Okawaru (Lair:1)
  3 vault guards (D:14)
  An ice dragon (Shoals:1)
  Harold (Lair:2)
  A centaur warrior (D:13)
  A catoblepas (Lair:5)
  2 sea snakes
  A bog body (IceCv)
  An orc knight (D:15)
  A faun (Shoals:1)
  An orc sorcerer (Orc:2)
  A manticore (Shoals:2)
  A cyclops (D:14)
  2 molten gargoyles (Lair:6)
  A rime drake (Lair:4)
  A cane toad (Lair:3)
  Maggie (D:10)
  A freezing wraith (D:14)
  3 komodo dragons
  A burning bush (Lair:3)
  2 merfolk (Shoals:1)
  A wind drake (Shoals:1)
  4 blink frogs
  A slime creature (D:12)
  3 spriggans (Bailey)
  A vampire (D:12)
  3 wyverns
  A hog (Lair:6)
  6 yaks
  A steam dragon (Lair:6)
  2 vampire mosquitoes
  2 wargs (Orc:1)
  A harpy simulacrum (IceCv)
  An acid dragon (Bailey)
  3 water moccasins
  An orc warrior (D:7)
  An ice beast (D:5)
  3 ogres
  2 black bears
  2 wolves (Lair:4)
  An alligator simulacrum (IceCv)
  A kobold brigand (D:10)
  2 bullfrogs
  A gnoll sergeant (D:8)
  2 scorpions
  2 killer bees (D:10)
  A wight (D:7)
  A centaur zombie (Ossuary)
  An orc wizard (D:12)
  A scorpion zombie (Ossuary)
  3 gnolls
  An adder (D:5)
  A dart slug (D:6)
  7 orcs
  2 goblin zombies (Ossuary)
  A hobgoblin zombie (Ossuary)
  4 kobolds (D:8)
  A kobold zombie (Ossuary)
100 creatures vanquished.

Vanquished Creatures (others)
  26 hexers
  An orc (D:10)
  58 fungi
  82 plants
167 creatures vanquished.

Grand Total: 949 creatures vanquished

Notes
Turn   | Place    | Note
-------+----------+-------------------------------------------
     0 | D:1      | Anon1729 the Mummy Monk began the quest for the Orb.
     0 | D:1      | Reached XP level 1. HP: 18/18 MP: 1/1
   287 | D:1      | Reached XP level 2. HP: 21/24 MP: 2/2
   749 | D:2      | Found Woshriyh's General Store.
   857 | D:2      | Reached XP level 3. HP: 27/29 MP: 3/3
  1860 | D:2      | Noticed Terence
  1934 | D:2      | Killed Terence
  1935 | D:2      | Reached XP level 4. HP: 13/36 MP: 4/4
  2321 | D:2      | Found a runed translucent door.
  2322 | D:2      | Noticed Crazy Yiuf
  2529 | D:2      | Killed Crazy Yiuf
  3505 | D:2      | Bought a scroll of identify for 26 gold pieces
  3568 | D:4      | Found a runed translucent gate.
  3653 | D:4      | Found a runed translucent gate.
  3653 | D:4      | Found a runed translucent gate.
  3653 | D:4      | Noticed Tenar's ghost (amateur GrEE)
  3718 | D:4      | Reached XP level 5. HP: 33/42 MP: 5/5
  3726 | D:4      | Reached skill level 4 in Fighting
  4092 | D:4      | Noticed an orc warrior
  4640 | D:5      | Entered Level 5 of the Dungeon
  4770 | D:5      | Found a staircase to the Ecumenical Temple.
  4783 | Temple   | Entered the Ecumenical Temple
  5079 | Temple   | Became a worshipper of Hepliaklqana the Forgotten
  5079 | Temple   | Reached * piety under Hepliaklqana
  5079 | Temple   | Reached ** piety under Hepliaklqana
  5080 | Temple   | Remembered your ancestor Octavius as a hexer
  5316 | D:5      | Noticed a black bear
  5322 | D:5      | Killed a black bear
  5323 | D:5      | Reached XP level 6. HP: 38/44 MP: 6/6
  5933 | D:5      | Noticed a yak
  5934 | D:5      | Noticed a yak
  5935 | D:5      | Noticed a yak
  5944 | D:5      | Reached XP level 7. HP: 45/49 MP: 7/7
  5968 | D:5      | Killed a yak
  5983 | D:5      | Killed a yak
  5984 | D:5      | Reached skill level 5 in Fighting
  6003 | D:5      | Killed a yak
  6262 | D:5      | Reached XP level 8. HP: 38/56 MP: 8/8
  6721 | D:6      | Found a sand-covered staircase.
  6725 | Ossuary  | Entered an ossuary
  7350 | Ossuary  | Reached skill level 6 in Fighting
  7350 | Ossuary  | Reached skill level 5 in Short Blades
  7376 | Ossuary  | Reached skill level 5 in Dodging
  7525 | Ossuary  | Reached skill level 5 in Stealth
  7924 | Ossuary  | Reached skill level 1 in Invocations
  8120 | Ossuary  | Identified a scroll of acquirement
  8254 | Ossuary  | Acquired a +4 quick blade
  8366 | D:6      | Reached XP level 9. HP: 46/63 MP: 8/10
  8707 | D:6      | Found Ocyt's Distillery.
 10219 | D:7      | Reached skill level 7 in Fighting
 10949 | D:7      | Identified the +0 pair of boots of the Turtledove {Int+7
                  | Dex+2 Slay-6}
 11433 | D:7      | Noticed a troll
 11448 | D:7      | Killed a troll
 11809 | D:7      | Reached XP level 10. HP: 71/71 MP: 12/12
 12031 | D:8      | Reached *** piety under Hepliaklqana
 12033 | D:8      | Found a staircase to the Lair.
 12389 | D:8      | Found a flagged portal.
 12405 | Bailey   | Entered a bailey
 12525 | Bailey   | Reached skill level 8 in Fighting
 12858 | Bailey   | Noticed a two-headed ogre
 12884 | Bailey   | Killed a two-headed ogre
 13147 | Bailey   | Reached skill level 5 in Invocations
 13298 | D:8      | Noticed Joseph
 13311 | D:8      | Killed Joseph
 13671 | D:8      | Reached XP level 11. HP: 78/78 MP: 14/14
 14091 | D:9      | Noticed a centaur warrior
 14109 | D:9      | Killed a centaur warrior
 14422 | D:9      | Noticed a green ugly thing
 14429 | D:9      | Killed a green ugly thing
 14467 | D:9      | Found Zenuc's CLEARANCE SALE!.
 14475 | D:9      | Bought a scroll of torment for 22 gold pieces
 14563 | D:9      | Reached **** piety under Hepliaklqana
 14638 | D:9      | Found a bloodstained altar of Trog.
 14857 | D:9      | Found a runed translucent gate.
 14857 | D:9      | Found a runed translucent gate.
 14857 | D:9      | Found a runed translucent gate.
 14862 | D:9      | Noticed gruber's ghost (journeyman GnFi)
 14915 | D:10     | Entered Level 10 of the Dungeon
 14918 | D:10     | Noticed Maggie
 14942 | D:10     | Killed Maggie
 15056 | D:10     | Reached skill level 9 in Fighting
 15509 | D:10     | Found a runed translucent door.
 15510 | D:10     | Found a shimmering altar of Xom.
 15510 | D:10     | Noticed bmj180's ghost (journeyman MfIE)
 15510 | D:10     | Noticed a +1 war axe of chaos
 16022 | D:10     | Noticed Urug
 16046 | D:10     | Killed Urug
 16452 | D:11     | Noticed a red ugly thing
 16461 | D:11     | Killed a red ugly thing
 16509 | D:11     | Reached ***** piety under Hepliaklqana
 17285 | Lair:1   | Entered Level 1 of the Lair of Beasts
 17319 | Lair:1   | Reached XP level 12. HP: 76/87 MP: 16/16
 17564 | Lair:1   | Found a runed translucent gate.
 17565 | Lair:1   | Found a runed translucent gate.
 17566 | Lair:1   | Found a runed translucent gate.
 17568 | Lair:1   | Noticed Fulomu's ghost (journeyman MiEn)
 17616 | Lair:1   | Reached skill level 10 in Fighting
 18589 | Lair:2   | Found a hole to the Spider Nest.
 18589 | Lair:2   | Found a staircase to the Shoals.
 19439 | Lair:2   | Noticed Harold
 19461 | Lair:2   | Killed Harold
 20730 | Lair:3   | Noticed a five-headed hydra
 20745 | Lair:3   | Killed a five-headed hydra
 21342 | Lair:3   | Noticed an eight-headed hydra
 21382 | Lair:2   | Gained mutation: You are in touch with the powers of death.
                  | [Mummy growth]
 21382 | Lair:2   | Reached XP level 13. HP: 81/94 MP: 19/19
 21890 | Lair:3   | Reached ****** piety under Hepliaklqana
 22373 | Lair:3   | Reached skill level 11 in Fighting
 23564 | Lair:4   | Reached skill level 10 in Stealth
 26806 | Lair:6   | Entered Level 6 of the Lair of Beasts
 27235 | Lair:6   | Reached skill level 10 in Short Blades
 27357 | Lair:6   | Found a runed translucent door.
 27458 | Lair:6   | Identified the +0 leather armour of Dithmenos's Wrath
                  | {Int+2}
 27550 | Lair:6   | Reached skill level 10 in Dodging
 27817 | Lair:6   | Noticed Kirke
 27854 | Lair:6   | Reached XP level 14. HP: 84/102 MP: 20/20
 27875 | Lair:6   | Killed Kirke
 28022 | Lair:6   | Noticed anonymous's ghost (journeyman DEEE)
 28343 | Lair:6   | Found a large runed translucent door.
 28343 | Lair:6   | Found a large runed translucent door.
 28448 | Lair:6   | Reached skill level 12 in Fighting
 28487 | Lair:6   | Found a runed translucent door.
 28487 | Lair:6   | Found a viscous altar of Jiyva.
 28814 | Lair:6   | Noticed an azure jelly
 28815 | Lair:6   | Found a staircase to the Slime Pits.
 28816 | Lair:6   | Noticed an azure jelly
 30241 | D:9      | Killed gruber's ghost
 30511 | Lair:1   | Killed Fulomu's ghost
 31461 | D:12     | Found a staircase to the Orcish Mines.
 32701 | D:13     | Reached skill level 10 in Invocations
 33319 | D:13     | Identified the +3 robe of the Untouchables {Will+ Int+5}
 33576 | D:13     | Identified the +5 scale mail of Ryteumn {rCorr Str+3}
 33988 | D:14     | Found a sparkling altar of Nemelex Xobeh.
 34260 | D:14     | Found a gate to the Vaults.
 37112 | D:14     | Identified the +1 robe of Doicof {rElec}
 37133 | D:15     | Entered Level 15 of the Dungeon
 37200 | Orc:1    | Entered Level 1 of the Orcish Mines
 37771 | Orc:1    | Found a transporter.
 37782 | Orc:1    | Found Jantinole's Mass Market.
 37803 | Orc:1    | Found a transporter.
 37822 | Orc:1    | Noticed Xoova's ghost (journeyman DsFi)
 38804 | Orc:1    | Killed Xoova's ghost
 39073 | Orc:1    | Reached XP level 15. HP: 69/109 MP: 22/22
 39124 | Orc:1    | Identified the amulet of Xom's Flight of Fancy {Spirit rC+
                  | Int+9}
 39126 | Orc:1    | Identified the ring of Mic Ifre {rF++ Int+6}
 39261 | Orc:2    | Entered Level 2 of the Orcish Mines
 39286 | Orc:2    | Found Kirgheung's Antique Armour Boutique.
 39637 | Orc:2    | Bought a dazzling helmet for 256 gold pieces
 39637 | Orc:2    | Identified the +4 helmet of the Pure Mice {Str+2} (You
                  | bought it in a shop on level 2 of the Orcish Mines)
 39833 | Orc:2    | Found Lyubohon's Jewellery Shoppe.
 39881 | Orc:2    | Found a radiant altar of Vehumet.
 40190 | Orc:2    | Found a staircase to the Elven Halls.
 40230 | Orc:2    | Found Keqiwkau's Antique Weapon Shop.
 40246 | Orc:2    | Reached skill level 13 in Fighting
 40657 | Orc:2    | Noticed an orc warlord
 41002 | Orc:2    | Killed an orc warlord
 41186 | Orc:2    | Found Liguxt's General Store.
 42725 | D:15     | Found a staircase to the Depths.
 43976 | Shoals:1 | Entered Level 1 of the Shoals
 43976 | Shoals:1 | Found Plog's Self-Improvement Boutique.
 44069 | Shoals:1 | Bought a manual of Dodging for 880 gold pieces
 44069 | Shoals:1 | Bought a manual of Evocations for 880 gold pieces
 44508 | Shoals:1 | Found a frozen archway.
 44520 | IceCv    | Entered an ice cave
 44527 | IceCv    | Reached skill level 1 in Evocations
 45532 | IceCv    | Found an ancient bone altar of Kikubaaqudgha.
 45668 | IceCv    | Noticed a lich
 45952 | IceCv    | Killed a lich
 46341 | IceCv    | Got Quxev's Compendium of the Lethal Frostbite
 46670 | Shoals:1 | Reached XP level 16. HP: 42/118 MP: 24/24
 47070 | Shoals:1 | Found Umpam's Antique Armour Shop.
 47085 | Shoals:1 | Bought a pair of glowing boots for 262 gold pieces
 47168 | Shoals:1 | Found Deugge's Armour Shop.
 47592 | Shoals:1 | Found Xakym's Assorted Antiques.
 48253 | Shoals:1 | Found Jokicacs's General Store.
 48573 | Shoals:2 | Reached skill level 14 in Fighting
 49023 | Shoals:2 | Identified Roxanne's Compendium of Stones
 49023 | Shoals:2 | Noticed Roxanne
 49065 | Shoals:2 | Killed from afar by Roxanne

Illustrated notes

Levels and vault maps discovered:
D:1:      eino_arrival_cavern_d, layout_rooms
D:2:      layout_loops_ring, serial_shops, nicolae_shop_window_shopping,
          uniq_crazy_yiuf_cottage, uniq_terence
D:3:      layout_loops_cross
D:4:      layout_gridville, ebering_ghost_rock_garden, portal_sewer_entry_b
D:5:      layout_loops_corners, minmay_temple_entry_butterflies
D:6:      kennysheep_slugbush, layout_basic, serial_co_window_serial,
          co_window_paths_b, co_window_paths_a, co_window_paths_a,
          co_window_paths_b, co_window_paths_b, co_window_of_opportunity_a,
          co_window_corner_a, co_window_unsneaky_path_c,
          co_window_unsneaky_path_b, co_window_broadway_a, co_window_paths_e,
          enter_ossuary_5, serial_shops, shop, minmay_microvault
D:7:      layout_loops_ring, serial_park_tiny_1, kennysheep_cluttered_room,
          st_stairs_12
D:8:      layout_basic, due_lair_maze_entry_diamond, enter_bailey_6,
          minmay_nine_imps, uniq_joseph
D:9:      layout_long_grid, trog_three_pillars_becter, gammafunk_ghost_spectres,
          nicolae_shop_clearance
D:10:     layout_gridville, ebering_ghost_xom, uniq_maggie, uniq_urug
D:11:     layout_long_grid, kennysheep_generic_room_4
D:12:     layout_long_grid, david_orc_1_choice
D:13:     layout_rooms, minivault_10
D:14:     layout_irregular_city, erik_vaults_2, kennysheep_cross_landing,
          nemelex_altar_shiori
D:15:     hangedman_depths_entry_civil_slaughter, layout_loops_ring,
          lemuel_coloured_pillars_altar, minmay_misc_feat_tower
Temple:   mainiacjoe_temple_circle_huts
Lair:1:   layout_small_grid, ebering_ghost_rock_garden, special_room
          [special_room_bee], chequers_serial_rivers_room_b, pond
Lair:2:   layout_roguey, minmay_shoals_entry_lonely_mermaid,
          hellmonk_spider_entry_life_and_decay, uniq_harold
Lair:3:   cheibrodos_lair_overgrown_chateau, layout_layer_cave, evilmike_ambush
          [evilmike_ambush_outer_basic, evilmike_ambush_inner_wall_2]
Lair:4:   layout_gridlike, serial_bayou_shore_b, grunt_megastairs_5
Lair:5:   layout_cave_pods
Lair:6:   cheibrodos_lair_end_hotspot, layout_regular_city, slime_altar_2,
          ebering_ghost_inner_flame, nicolae_lair_lil_pond, uniq_kirke
Shoals:1: layout_shoals, portal_ice_cave_entry_dragon, serial_shops, shop, shop,
          shop, nicolae_square_shop, nicolae_shop_self_help
Shoals:2: nicolae_shoals_mermall, layout_shoals, uniq_polyphemus, uniq_roxanne
Orc:1:    layout_caves, gammafunk_ghost_berserking_beasts, abandoned_shop,
          minmay_shop_mass
Orc:2:    grunt_orc_gardens, layout_caves, grunt_orc_garden, grunt_orc_garden,
          grunt_orc_garden, grunt_orc_garden, basic_altar,
          nicolae_orc_damp_corner, lightli_orcish_oven

Skill      XL: |  1  2  3  4  5  6  7  8  9 10 11 12 13 14 15 16 |
---------------+-------------------------------------------------+-----
Stealth        | 2 3 4 5 6 7 8 9 10 11 12 | 12.7
Short Blades   | 3 4 5 6 7 8 9 10 11 | 11.9
Dodging        | 3 4 5 6 7 8 9 10 11 12 | 12.3
Fighting       | 4 5 6 7 8 9 10 11 12 13 14 | 14.0
Invocations    | 1 3 5 6 8 9 10 11 | 11.6
Evocations     | 3 4 |  4.8

Action                   |  1- 3 |  4- 6 |  7- 9 | 10-12 | 13-15 | 16-18 || total
-------------------------+-------+-------+-------+-------+-------+-------++-------
Melee: Short sword       |    50 |       |       |       |       |       ||    50
       Dagger            |    70 |   158 |   283 |       |       |       ||   511
       Punch             |     1 |     1 |    17 |    21 |    63 |    10 ||   113
       Quick blade       |       |       |   265 |  1019 |  2476 |   284 ||  4044
Throw: Throwing net      |       |     1 |       |       |     1 |       ||     2
Invok: Ancestor Life: He |       |     1 |       |       |       |       ||     1
       Recall Ancestor   |       |       |     2 |     2 |    11 |     1 ||    16
       Idealise          |       |       |       |       |     2 |       ||     2
Evoke: Wand              |       |       |     4 |    17 |    27 |     1 ||    49
       Condenser vane    |       |       |       |       |     1 |       ||     1
  Use: Scroll            |       |     4 |     9 |     8 |    11 |     1 ||    33
 Stab: Sleeping          |     4 |     8 |     5 |    28 |    24 |     2 ||    71
       Distracted        |     2 |     1 |     8 |    11 |    18 |     5 ||    45
       Confused          |       |       |    12 |    14 |    28 |     6 ||    60
       Paralysed         |       |       |       |     1 |    19 |       ||    20
       Held in net/web   |       |       |       |       |     2 |       ||     2
Armor: Robe              |    16 |    32 |    48 |    28 |       |       ||   124
       Steam dragon scal |       |       |       |    95 |   118 |       ||   213
       Fire dragon scale |       |       |       |       |   108 |       ||   108
       Leather armour    |       |       |       |       |     7 |       ||     7
       Scale mail        |       |       |       |       |   185 |    33 ||   218
Dodge: Dodged            |    54 |    79 |   212 |   376 |   813 |    79 ||  1613

Table legend: (Time is in decaauts)
 A = Elapsed time spent in this place.
 B = Non-inter-level travel time spent in this place.
 C = Inter-level travel time spent in this place.
 D = Time resting spent in this place.
 E = Time spent auto-exploring this place.
 F = Levels seen in this place.
 G = Mean time per level.
                   A        B        C        D        E       F      G
               +--------+--------+--------+--------+--------+-----+--------+
         Total |  46323 |  44069 |   2254 |  11210 |  25941 |  29 | 1597.3 |
       Dungeon |  23309 |  22007 |   1302 |   4693 |  14116 |  15 | 1553.9 |
        Temple |    319 |    275 |     44 |      0 |    253 |   1 |  319.0 |
          Lair |  13233 |  12598 |    635 |   3012 |   8208 |   6 | 2205.5 |
        Shoals |   2074 |   2017 |     57 |    113 |   1319 |   2 | 1037.0 |
  Orcish Mines |   3238 |   3023 |    215 |   1424 |   1060 |   2 | 1619.0 |
       Ossuary |   1532 |   1532 |      0 |    604 |    526 |   1 | 1532.0 |
        Bailey |    794 |    794 |      0 |    498 |     83 |   1 |  794.0 |
      Ice Cave |   1822 |   1822 |      0 |    865 |    375 |   1 | 1822.0 |
               +--------+--------+--------+--------+--------+-----+--------+

Top non-repeatable levels by time:
    D:14: 3156 daAuts
  Lair:6: 2877 daAuts
  Lair:2: 2843 daAuts
  Lair:3: 2539 daAuts
    D:12: 2276 daAuts
   Orc:1: 2007 daAuts
     D:5: 1938 daAuts
   IceCv: 1822 daAuts
    D:13: 1811 daAuts
     D:2: 1773 daAuts
  Lair:4: 1728 daAuts
  Lair:5: 1674 daAuts
Shoals:1: 1625 daAuts
    D:15: 1623 daAuts
     D:6: 1622 daAuts
